 Dungeon Crawl Stone Soup version 0.17-a0-2147-gfb20a63 (console) character file.

46 endege the Ducker (level 3, 0/36 HPs)
             Began as a Troll Fighter on Oct 23, 2015.
             Slain by a gnoll
             ... wielding a +0 spear
              (2 damage)
             ... on level 2 of the Dungeon on Oct 24, 2015.
             The game lasted 00:03:50 (547 turns).

endege the Ducker (Troll Fighter)                    Turns: 547, Time: 00:03:51

Health: 0/36       AC:  5    Str: 29    XL:     3   Next: 46%
Magic:  2/2        EV:  8    Int:  4    God:
Gold:   63         SH:  9    Dex: 10    Spells: 0 memorised, 2 levels left

rFire  . . .     SeeInvis .     a - +0 flail
rCold  . . .     Clarity  .     b - +0 robe
rNeg   . . .     SustAt   .     c - +0 shield
rPois  .         Gourm    +     (helmet restricted)
rElec  .         Spirit   .     (no cloak)
rCorr  .         Warding  .     (gloves unavailable)
rMut   .         Stasis   .     (boots unavailable)
MR     .....                    (no amulet)
Stlth  +.........               (no ring)
                                (no ring)

@: mighty, not resistant to hostile enchantments, very unstealthy
A: unfitting armour, claws 3, fast metabolism 3, gourmand, regeneration 2,
shaggy fur 1, tough skin 2
a: no special abilities


You were on level 2 of the Dungeon.
You were not hungry.

You visited 1 branch of the dungeon, and saw 2 of its levels.

You collected 63 gold pieces.

Inventory:

Hand Weapons
 a - a +0 flail (weapon)
Missiles
 h - 8 javelins (quivered)
Armour
 b - a +0 robe (worn)
 c - a +0 shield (worn)
Scrolls
 j - a scroll of fog {unknown}
 k - a scroll of teleportation {unknown}
 n - a scroll of random uselessness {unknown}
Potions
 f - 3 potions of lignification {unknown}
 g - a potion of curing {unknown}
 m - a potion of haste {unknown}
Comestibles
 e - 2 bread rations
 i - a chunk of flesh
 l - a meat ration


   Skills:
 + Level 2.7 Fighting
 + Level 2.3 Maces & Flails
 + Level 2.8 Dodging
 + Level 2.7 Shields


You had 2 spell levels left.
You didn't know any spells.

Dungeon Overview and Level Annotations

Branches:
Dungeon (2/15)

Altars:
Ashenzari


Innate Abilities, Weirdness & Mutations

You are too large for most types of armour.
You have claws for hands.
Your metabolism is lightning-fast.
You like to eat raw meat.
You heal very quickly.
You are covered in fur (AC +1).
You have very tough skin (AC +2).


Message History

You sock the goblin!
You kill the goblin!
The gnoll hits you from afar with a spear.
* * * LOW HITPOINT WARNING * * *
You block the gnoll's attack. x2
You sock the gnoll!
You kill the gnoll!
You have reached level 3!
Your experience leads to an increase in your attributes!
Your base attributes are Str 23, Int 4, Dex 9.
Increase (S)trength, (I)ntelligence, or (D)exterity?
You feel agile.
You feel stronger.
The gnoll hits you from afar with a spear.
* * * LOW HITPOINT WARNING * * *
You sock the gnoll!
You kill the gnoll!
The gnoll hits you from afar with a spear.
* * * LOW HITPOINT WARNING * * *
The gnoll hits you with a spear.
You die...

.... #......##..........##
....++......++...........
.....?......##.........#
.......................####
..?........................
..........##...............
..........##...............
.........†##...............
..........@.......###+#####
.........g#...........
?........†#............
..........##...........
..........##...........
.......................
............#..........
..........#_#..#.....
..........# ..#....


You could see a gnoll.

Vanquished Creatures
  2 gnolls (D:2)
  2 giant cockroaches (D:1)
  3 hobgoblins (D:1)
  2 bats
  A giant newt (D:1)
  4 goblins
  7 jackals (D:1)
  3 kobolds (D:1)
  A rat (D:1)
25 creatures vanquished.

Notes
Turn   | Place    | Note
--------------------------------------------------------------
     0 | D:1      | endege the Troll Fighter began the quest for the Orb.
     0 | D:1      | Reached XP level 1. HP: 22/22 MP: 0/0
     0 | D:1      | Upgraded the game from 0.17-a0-2127-g1cb09f6 to 0.17-a0-2147-gfb20a63
   185 | D:1      | Reached XP level 2. HP: 29/29 MP: 1/1
   372 | D:1      | Found a shattered altar of Ashenzari.
   519 | D:2      | Found a faded altar to an unknown god.
   545 | D:2      | Reached XP level 3. HP: 6/36 MP: 2/2
   546 | D:2      | HP: 1/36 [gnoll/spear (4)]
   547 | D:2      | Slain by a gnoll

Vault maps used:
D:1:      dpeg_arrival_three_same_balls, ashenzari_altar_1
D:2:      ecumenical_altar_1

Action                   || total
-------------------------++-------
Melee: Flail             ||    72
  Use: Potion            ||     1
 Stab: Sleeping          ||     1
  Eat: Chunk             ||     2
